 Dungeon Crawl Stone Soup version 0.32-a0-928-g1cae6b7ea0 (webtiles) character file.

Game seed: 1444487916253978441

85 Mgcat the Trooper (level 4, 0/35 HPs)
             Began as a Coglin Fighter on Apr 12, 2024.
             Succumbed to an adder's poison
             ... on level 5 of the Dungeon.
             The game lasted 00:02:19 (1145 turns).

Mgcat the Trooper (Coglin Fighter)                  Turns: 1145, Time: 00:02:19

Health: 0/35       AC:  6    Str: 19    XL:     4   Next: 48%
Magic:  4/4        EV:  8    Int:  7    God:
Gold:   46         SH:  4    Dex: 13    Spells: 3/3 levels left

rFire   . . .        a - +0 war axe {Kun}
rCold   . . .        c - +0 buckler
rNeg    . . .        b - +0 scale mail
rPois   .            (no helmet)
rElec   .            (no cloak)
rCorr   .            (no gloves)
SInv    .            (no boots)
Will    .....        (amulet unavailable) Stlth
                     (ring unavailable)
HPRegen 0.25/turn    (ring unavailable)
MPRegen 0.09/turn    (no gizmo)

%: no passive effects
@: lethally poisoned (0 -> -5), revving
A: off-hand wielding, slow wielding, warmup strikes, no jewellery
a: Invent Gizmo


You were on level 5 of the Dungeon.
You visited 1 branch of the dungeon, and saw 4 of its levels.

You collected 46 gold pieces.

Inventory:

Hand Weapons
 a - a +0 war axe (weapon) {Kun}
Armour
 b - a +0 scale mail (worn)
 c - a +0 buckler (worn)


   Skills:
 + Level 3.5 Fighting
 * Level 3.2 Axes
 + Level 3.1 Armour
 + Level 2.6 Shields


You had 3 spell levels left.
You didn't know any spells.
Your spell library contained the following spells:

 Spells                   Type           Power      Damage    Failure   Level
 Cigotuvi's Dreadful Rot  Necr/Alch/Air  0%         N/A       95%         2
 Dispel Undead            Necr           0%         3d6       100%        4
 Martyr's Knell           Necr/Summ      0%         N/A       100%        4


Dungeon Overview and Level Annotations

Branches:
Dungeon (5/15)
 Temple: D:4-7

Altars:


Innate Abilities, Weirdness & Mutations

You can wield a second weapon in your off-hand.
It takes a long time for you to wield or remove held weapons.
Your first few attacks do less damage.
You cannot equip rings or amulets.


Message History

You feel very sick.
An ogre comes into view. It is wielding a +0 giant club.
The ball python bites you. You block the ball python's attack.
The scorpion stings you but does no damage.
You take 6 damage, and have 27/35 hp.
Warning x3: The gnoll can hit for moderate damage in melee, and throws nets!
The scorpion can poison!
The ogre can hit for high damage in melee!
Unknown command.
Warning x3: The gnoll can hit for moderate damage in melee, and throws nets!
The scorpion can poison!
The ogre can hit for high damage in melee!
An adder comes into view.
You feel sick.
The adder hisses angrily.
The ball python bites you but does no damage.
You block the ball python's attack. The scorpion stings you.
You are more poisoned.
The scorpion poisons you!
You take 4 damage, and have 23/35 hp.
Danger x4: scorpion, ogre, gnoll, adder!
Unknown command.
Unknown command.
You feel very sick. The goblin hits you with a +0 dagger.
The ball python bites you. The ball python grabs you.
The ball python constricts you.
You take 8 damage, and have 15/35 hp.
MASSIVE DAMAGE!!
Danger x4: scorpion, ogre, gnoll, adder!
The ball python's grasp on you weakens, but your attempt to escape fails.
You feel very sick.
The giant cockroach bites you but does no damage.
The hobgoblin hits you but does no damage.
The goblin hits you but does no damage. You block the ball python's attack.
The ball python constricts you.
The giant cockroach bites you but does no damage.
You take 3 damage, and have 12/35 hp.
Danger x4: scorpion, ogre, gnoll, adder!
Unknown command.
Unknown command.
Unknown command.
You escape the ball python's grasp.
* * * LOW HITPOINT WARNING * * *
You feel very sick. The goblin attacks as it pursues you!
The goblin hits you but does no damage.
You take 3 damage, and have 9/35 hp.
Danger x4: scorpion, ogre, gnoll, adder!
Unknown command.
Unknown command.
Unknown command.
* * * LOW HITPOINT WARNING * * *
You feel sick. You block the giant cockroach's attack.
You take 2 damage, and have 7/35 hp.
Warning x3: The gnoll can hit for moderate damage in melee, and throws nets!
The scorpion can poison!
The adder is fast and can poison!
Unknown command.
Warning x3: The gnoll can hit for moderate damage in melee, and throws nets!
The scorpion can poison!
The adder is fast and can poison!
You feel sick.
There is an escape hatch in the floor here.
Danger x4: scorpion, ogre, gnoll, adder!
You feel sick. The adder bites you but does no damage.
The hobgoblin closely misses you. You block the ball python's attack. x2
You slide downwards.
The hatch slams shut behind you.
You feel sick.
You take 2 damage, and have 5/35 hp.
Spoiler Alert: The adder is fast and can poison!
Unknown command.
Unknown command.
You aren't carrying any potions.
You aren't carrying any potions.
You aren't carrying any scrolls.
Unknown command.
Spoiler Alert: The adder is fast and can poison!
Unknown command.
Unknown command.
Unknown command.
Unknown command.
Unknown command.
Unknown command.
Spoiler Alert: The adder is fast and can poison!
Unknown command.
You closely miss the adder. You closely miss the hobgoblin.
You slash the ball python!
You kill the ball python!
* * * LOW HITPOINT WARNING * * *
You feel sick. The adder bites you but does no damage.
The hobgoblin barely misses you. The adder bites you.
* * * LOW HITPOINT WARNING * * *
You are more poisoned.
The adder poisons you!
The hobgoblin hits you but does no damage.
Unknown command.
You take 4 damage, and have 1/35 hp.
Spoiler Alert: The adder is fast and can poison!
Unknown command.
Unknown command.
Unknown command.
Unknown command.
Unknown command.
Unknown command.
Spoiler Alert: The adder is fast and can poison!
Unknown command.
Unknown command.
You slash the adder!
The adder is almost dead.
You closely miss the hobgoblin.
You die...

..... ..... .
#..... #.
#####......
#..##..........
#..............
.......g.......
#...@.......
#....S......
#..#.###...#
....### ..#
..... # ..##. .
#


You could see an adder and a hobgoblin.

Vanquished Creatures
  A howler monkey (D:4)
  An adder (D:2)
  A ribbon worm (D:2)
  A dart slug (D:1)
  5 ball pythons
  3 endoplasms
  4 hobgoblins (D:1)
  4 jackals (D:1)
  3 kobolds
  A quokka (D:1)
  2 bats (D:1)
  3 frilled lizards (D:1)
  3 goblins
  4 rats (D:1)
36 creatures vanquished.

Notes
Turn   | Place    | Note
-------+----------+-------------------------------------------
     0 | D:1      | Mgcat the Coglin Fighter began the quest for the Orb.
     0 | D:1      | Reached XP level 1. HP: 18/18 MP: 1/1
   173 | D:1      | Reached XP level 2. HP: 22/24 MP: 2/2
   367 | D:1      | Reached XP level 3. HP: 29/29 MP: 3/3
   455 | D:1      | Reached skill level 3 in Armour
  1074 | D:2      | Found a faded altar of an unknown god.
  1074 | D:2      | You fall into a shaft and drop 2 floors!
  1120 | D:4      | Reached skill level 3 in Axes
  1120 | D:4      | Reached XP level 4. HP: 25/35 MP: 4/4
  1133 | D:4      | Noticed a scorpion
  1135 | D:4      | Noticed an ogre
  1140 | D:4      | HP: 7/35 [poisoned by a scorpion]
  1143 | D:5      | Entered Level 5 of the Dungeon
  1144 | D:5      | HP: 1/35 [adder (3)]
  1145 | D:5      | Succumbed to an adder's poison

Illustrated notes

Levels and vault maps discovered:
D:1:      evilmike_arrival_rings, layout_basic, serial_forest,
          infiniplex_forest_clump_small, infiniplex_forest_lined_1,
          infiniplex_forest_join, infiniplex_forest_zigzag_1,
          infiniplex_forest_lined_room_2, infiniplex_forest_end_1
D:2:      layout_basic, dreamdust_ecumenical_altar_drowned_temple, serial_shops,
          shop
D:4:      layout_rooms, lemuel_crystal_altar, gammafunk_ghost_cemetery,
          minmay_misc_feat_more_columns, grunt_ministairs_2, uniq_duvessa
D:5:      layout_cave_pools

Skill      XL: |  1  2  3 |
---------------+----------+-----
Armour         | 3 |  3.1
Axes           | 3 |  3.2
Fighting       | |  3.5
Shields        | |  2.6

Action                     |  1- 3 |  4- 6 || total
---------------------------+-------+-------++-------
  Melee: War axe           |   221 |     4 ||   225
    Use: Potion            |     1 |     1 ||     2
         Scroll            |       |     2 ||     2
 Armour: Scale mail        |   107 |    22 ||   129
  Dodge: Dodged            |    70 |     6 ||    76
  Block: Buckler           |    33 |    10 ||    43

Table legend: (Time is in decaauts)
 A = Elapsed time spent in this place.
 B = Non-inter-level travel time spent in this place.
 C = Inter-level travel time spent in this place.
 D = Time resting spent in this place.
 E = Time spent auto-exploring this place.
 F = Levels seen in this place.
 G = Mean time per level.
                   A        B        C        D        E       F      G
               +--------+--------+--------+--------+--------+-----+--------+
         Total |   1235 |   1208 |     27 |     26 |    735 |   4 |  308.8 |
       Dungeon |   1235 |   1208 |     27 |     26 |    735 |   4 |  308.8 |
               +--------+--------+--------+--------+--------+-----+--------+

Top non-repeatable levels by time:
     D:1: 941 daAuts
     D:2: 216 daAuts
     D:4: 75 daAuts
     D:5: 2 daAuts

Levels and vault maps discovered:
D:1:      evilmike_arrival_rings, layout_basic, serial_forest,
          infiniplex_forest_clump_small, infiniplex_forest_lined_1,
          infiniplex_forest_join, infiniplex_forest_zigzag_1,
          infiniplex_forest_lined_room_2, infiniplex_forest_end_1
D:2:      layout_basic, dreamdust_ecumenical_altar_drowned_temple, serial_shops,
          shop
D:4:      layout_rooms, lemuel_crystal_altar, gammafunk_ghost_cemetery,
          minmay_misc_feat_more_columns, grunt_ministairs_2, uniq_duvessa
D:5:      layout_cave_pools

Table legend: (Time is in decaauts)
 A = Elapsed time spent in this place.
 B = Non-inter-level travel time spent in this place.
 C = Inter-level travel time spent in this place.
 D = Time resting spent in this place.
 E = Time spent auto-exploring this place.
 F = Levels seen in this place.
 G = Mean time per level.
                   A        B        C        D        E       F      G
               +--------+--------+--------+--------+--------+-----+--------+
         Total |   1235 |   1208 |     27 |     26 |    735 |   4 |  308.8 |
       Dungeon |   1235 |   1208 |     27 |     26 |    735 |   4 |  308.8 |
               +--------+--------+--------+--------+--------+-----+--------+

Top non-repeatable levels by time:
     D:1: 941 daAuts
     D:2: 216 daAuts
     D:4: 75 daAuts
     D:5: 2 daAuts

Table legend:
 A = Kills in this place as a percentage of kills in the entire game.
 B = Kills by you in this place as a percentage of kills by you in the entire game.
 C = Kills by friends in this place as a percentage of kills by friends in the entire game.
 D = Other kills in this place as a percentage of other kills in the entire game.
 E = Experience gained in this place as a percentage of experience gained in the entire game.
 F = Experience gained in this place divided by the number of levels of this place that you have seen.
                   A       B       C       D       E      F
               +-------+-------+-------+-------+-------+----------------------
         Total | 100.0 | 100.0 |   N/A |   N/A | 100.0 |  30.5
       Dungeon | 100.0 | 100.0 |   N/A |   N/A | 100.0 |  30.5
               +-------+-------+-------+-------+-------+----------------------
